 Seeded DCSS version 0.30.1-4-g462c640d31 (webtiles) character file.

Game seed: 920673320228942481 (custom seed)

3 CarvArkoylaein the Trooper (level 1, 19/19 HPs)
             Began as a Hill Orc Fighter on Sept 8, 2023.
             Quit the game on level 1 of the Dungeon.
             The game lasted 00:02:27 (69 turns).

CarvArkoylaein the Trooper (Hill Orc Fighter)         Turns: 69, Time: 00:02:28

Health: 19/19      AC:  6    Str: 16    XL:     1   Next: 50%
Magic:  1/1        EV:  8    Int: 14    God:
Gold:   1184       SH:  4    Dex: 10    Spells: 0/0 levels left

rFire   . . .        a - +0 war axe
rCold   . . .        c - +0 buckler
rNeg    + + .        b - +0 scale mail
rPois   .            (no helmet)
rElec   +            (no cloak)
rCorr   .            (no gloves)
SInv    .            (no boots)
Will    .....        (no amulet) Stlth
                     e - ring of the Original Sin {rElec rN++ Str-2 Int+6 Slay+4}
HPRegen 0.23/turn    (no ring)
MPRegen 0.07/turn

%: no passive effects
@: studying Axes
A: no striking features
a: no special abilities


You were on level 1 of the Dungeon.
You visited 1 branch of the dungeon, and saw 1 of its levels.

You collected 1184 gold pieces.

Inventory:

Hand Weapons
 a - a +0 war axe (weapon)
Armour
 b - a +0 scale mail (worn)
 c - a +0 buckler (worn)
Jewellery
 e - the ring of the Original Sin (left hand) {rElec rN++ Str-2 Int+6 Slay+4}
   (You acquired it on level 1 of the Dungeon)

   [ring of intelligence]

   Str:       It affects your strength (-2).
   Int:       It affects your intelligence (+6).
   Slay:      It affects your accuracy & damage with ranged weapons and melee
   (+4).
   rElec:     It insulates you from electricity.
   rN:        It greatly protects you from negative energy.
Potions
 d - a potion of might


   Skills:
 + Level 3.6 Fighting
 + Level 2.6 Axes
 + Level 3.3 Armour
 + Level 3.5 Shields


You couldn't memorise any spells.
You didn't know any spells.
Your spell library was empty.

Dungeon Overview and Level Annotations

Branches:
Dungeon (1/15)

Altars:


Message History

Game seed: 920673320228942481 (custom seed) Press ? for a list of commands and other information.
Found a staircase leading out of the dungeon.
A dart slug comes into view.
You block the dart slug's attack.
You hit the dart slug.
The dart slug is severely wounded.
The dart slug closely misses you.
You slash the dart slug!
You kill the dart slug!
Found 4 gold pieces.
You open the door.
There is an open door here.
A ball python comes into view.
You hit the ball python.
You kill the ball python!
Found a stone staircase leading down.
You see here a ball python corpse.
You open the door.
Found 13 gold pieces.
Found 3 scrolls labelled NOEDYA EDEF.
There is an open door here.
Found a hand axe.
e - 3 scrolls labelled NOEDYA EDEF This is a scroll of acquirement!
Something appears at your feet!
You see here a manual of Axes.
Something appears at your feet!
Okay, then.
Something appears at your feet!
e - the ring of the Original Sin {rElec rN++ Str-2 Int+6 Slay+4} You pick up a manual of Axes and begin studying.
You now have 1184 gold pieces.
You feel clever.
You feel weaker.
e - the ring of the Original Sin (left hand) {rElec rN++ Str-2 Int+6 Slay+4} Welcome back, CarvArkoylaein the Hill Orc Fighter.
Game seed: 920673320228942481 (custom seed) Press ? for a list of commands and other information.
Are you sure you want to abandon this character and quit the game? (Confirm with "yes".)

##### ... #... ..#.
#... ....## #.. #....
... ...###.# #...#.#
##+#$#.#@#####.
######
#....#.........)
......#
#.....#.######.#
...##.#.#...#....#
....#.#.##'#####..#
......#.##.######..#
....###.##........>#
###.###....†.........
#.#.....###########


There were no monsters in sight!

Vanquished Creatures
  A dart slug (D:1)
  A ball python (D:1)
2 creatures vanquished.

Notes
Turn   | Place    | Note
-------+----------+-------------------------------------------
     0 | D:1      | CarvArkoylaein the Hill Orc Fighter began the quest for the
                  | Orb.
     0 | D:1      | Reached XP level 1. HP: 19/19 MP: 1/1
    64 | D:1      | Identified 3 scrolls of acquirement
    64 | D:1      | Acquired 1184 gold pieces
    65 | D:1      | Acquired a manual of Axes
    66 | D:1      | Acquired the ring of the Original Sin {rElec rN++ Str-2
                  | Int+6 Slay+4}
    69 | D:1      | Quit the game

Illustrated notes

Levels and vault maps discovered:
D:1:      dpeg_arrival_orchard, layout_basic

Action                     || total
---------------------------++-------
  Melee: War axe           ||     3
    Use: Scroll            ||     3
  Dodge: Dodged            ||     1
  Block: Buckler           ||     1
